 Dungeon Crawl Stone Soup version 0.26-a0-1139-g7d2dc893a1 (webtiles) character file.

Game seed: 2016770178181891026

21326 Dracia the Grappler (level 12, 0/129 HPs)
             Began as a Troll Monk on Dec 21, 2020.
             Slain by a komodo dragon (48 damage)
             ... on level 5 of the Lair of Beasts.
             The game lasted 00:21:40 (10223 turns).

Dracia the Grappler (Troll Monk)                   Turns: 10223, Time: 00:21:40

Health: 0/129      AC: 10    Str: 22    XL:     12   Next: 53%
Magic:  11/11      EV: 16    Int:  8    God:
Gold:   553        SH:  0    Dex: 22    Spells: 11/11 levels left

rFire    . . .     SeeInvis .     - Unarmed
rCold    . . .     Faith    .   i - +0 kite shield
rNeg     + . .     Spirit   .   a - +1 robe
rPois    .         Reflect  +   (helmet restricted)
rElec    .         Harm     .   h - +2 cloak
rCorr    .         Rampage  .   (gloves unavailable)
Will     +....     Rnd*Rage +   (boots unavailable)
Stlth    ++........             t - amulet of reflection
HPRegen  0.71/turn              N - ring of positive energy
MPRegen  0.12/turn              n - ring of Kotwiuf Raty {Will+ Int+4 Dex+6}

@: lethally poisoned (0 -> 0), sleeping
A: large, unfitting armour, claws 3, berserk 1, dopey 1, sense surroundings 1,
regeneration 1, robust 1, shaggy fur 1, tough skin 3
a: no special abilities


You were on level 5 of the Lair of Beasts.
You visited 3 branches of the dungeon, and saw 14 of its levels.
You also visited: Sewer.

You collected 553 gold pieces.


Innate Abilities, Weirdness & Mutations

You are too large for most types of armour.
You have claws for hands.
Your natural rate of healing is unusually fast.
You are covered in fur. (AC +1)
You have extremely tough skin. (AC +3)
You tend to lose your temper in combat.
You are dopey. (Int -2)
You passively map a small area around you.
You are robust. (+10% HP)


   Skills:
 - Level 7.3 Fighting
 - Level 7.3 Dodging
 - Level 1.0 Stealth
 - Level 9.0 Shields
 - Level 11.4 Unarmed Combat
 + Level 6.9 Evocations


You had 11 spell levels left.
You didn't know any spells.
Your spell library contained the following spells:

 Spells                   Type           Power        Failure   Level
 Apportation              Tloc           0%           41%         1
 Lesser Beckoning         Tloc           0%           78%         3
 Tukima's Dance           Hex            0%           78%         3
 Alistair's Intoxication  Tmut/Pois      0%           100%        5
 Invisibility             Hex            0%           100%        6

Inventory:

Missiles
 b - 7 curare-tipped darts {=f=f}
 o - a throwing net {=f=f}
 p - 3 large rocks {=f=f}
 w - 25 poisoned darts (quivered)
 y - 3 atropa-tipped darts
Armour
 a - a +1 robe (worn)
 h - a +2 cloak (worn)
 i - a +0 kite shield (worn)
Jewellery
 n - the ring of Kotwiuf Raty (right claw) {Will+ Int+4 Dex+6}
   (You found it on level 7 of the Dungeon)

   [ring of dexterity]

   It affects your intelligence (+4).
   It affects your dexterity (+6).
   It affects your willpower, your defense against some magical effects.
 t - an amulet of reflection (around neck)
 x - an uncursed amulet of magic regeneration
 C - a +6 ring of strength {unknown}
 D - a +6 ring of dexterity
 N - a ring of positive energy (left claw)
 Z - an uncursed ring of wizardry
Wands
 s - a wand of disintegration (8)
 u - a wand of random effects (26)
 A - a wand of polymorph (8)
 B - a wand of acid (10)
Scrolls
 d - 6 scrolls of enchant weapon
 f - 4 scrolls of teleportation {@r4@r4}
 k - 9 scrolls of remove curse {@r2@r2}
 m - 4 scrolls of identify {@r1@r1}
 q - 2 scrolls of blinking
 E - a scroll of brand weapon {unknown}
Potions
 c - 2 potions of cancellation
 e - 4 potions of attraction
 g - 4 potions of curing {@q1@q1}
 j - 2 potions of mutation
 l - 8 potions of heal wounds {@q2@q2}
 r - 2 potions of brilliance
 v - 7 potions of flight
 z - a potion of might

Dungeon Overview and Level Annotations

Branches:
Dungeon (8/15)             Temple (1/1) D:5            Lair (5/6) D:8
  Sewer (visited)
  Swamp: Lair:2-4    Shoals: Lair:2-4     Snake: Lair:2-4    Spider: Lair:2-4
  Slime: Lair:5-6

Altars:
Ashenzari
Cheibriados
Dithmenos
Fedhas
Gozag
Hepliaklqana
Kikubaaqudgha
Makhleb
Nemelex Xobeh
Okawaru
Qazlal
Ru
Sif Muna
Trog
Uskayaw
Vehumet
Wu Jian
Xom
Yredelemnul
Zin
The Shining One

Shops:
D:4

( ..##..... , ..#.....* *
,, +.....#* ..#. , #....#
.... , , *#...## .....+
*##....# .... .##*
#....Y# ...
.....#..####...l##.##
...............#@.#.#* ,
................YP.#...
................P.......
,
........................
,
........................,
*
.....#....#.............
....#...#.#.............
.....#...........P..#.#.
....#.........#####.#..,


You could see a komodo dragon and 2 dream sheep.


Message History

The water moccasin is almost dead.
You feel sick. The water moccasin misses you.
The dream sheep bites you but does no damage.
You claw the water moccasin!
You kill the water moccasin!
You feel sick.
You claw the komodo dragon!
The komodo dragon is moderately wounded.
The dream sheep bites you. The komodo dragon bites you!!
You scratch the komodo dragon.
The komodo dragon is moderately wounded.
You feel sick. The dream sheep misses you.
You block the komodo dragon's attack.
You scratch the komodo dragon but do no damage.
The komodo dragon is moderately wounded.
You feel sick.
The dream sheep ruffle their wool and motes of dream dust sparkle, to no effect.
You block the komodo dragon's attack.
You claw the komodo dragon!
The komodo dragon is heavily wounded.
You claw the komodo dragon!
The komodo dragon is severely wounded.
You feel sick. You block the dream sheep's attack. The komodo dragon bites you!
* * * LOW HITPOINT WARNING * * *
You barely miss the komodo dragon.
The komodo dragon is severely wounded.
The dream sheep shake their wool and sparkle.
You feel drowsy...
You fall asleep.
The komodo dragon bites you!!!
You die...

Skill      XL: |  1  2  3  4  5  6  7  8  9 10 11 12 |
---------------+-------------------------------------+-----
Unarmed Combat | 4 5 6 7 8 10 11 | 11.4
Fighting       | 3 4 5 6 7 |  7.3
Dodging        | 3 4 5 6 7 |  7.3
Shields        | 6 9 |  9.0
Evocations     | 3 6 |  6.9
Stealth        | |  1.0

Action                   |  1- 3 |  4- 6 |  7- 9 | 10-12 || total
-------------------------+-------+-------+-------+-------++-------
Melee: Unarmed           |    85 |   112 |   345 |   540 ||  1082
       Punch             |       |       |    16 |     5 ||    21
Throw: Dart              |       |       |       |    29 ||    29
Evoke: Wand              |       |       |       |     8 ||     8
  Use: Scroll            |       |     9 |     4 |     6 ||    19
       Potion            |       |     4 |    11 |       ||    15
 Stab: Sleeping          |     2 |     1 |     8 |     5 ||    16
       Invisible         |       |       |     4 |       ||     4
       Distracted        |       |       |       |     2 ||     2
Armor: Robe              |    34 |    46 |   126 |    87 ||   293
Dodge: Dodged            |    46 |    52 |   209 |   221 ||   528
Block: Other             |       |    19 |    77 |     9 ||   105
       Reflection        |       |       |     3 |     3 ||     6
       Kite shield       |       |       |       |   426 ||   426

Levels and vault maps discovered:
D:1:      eino_arrival_cavern_e, layout_loops_cross
D:2:      layout_loops_corners, grunt_decor_mini_mirrors, minmay_crystal_room
D:3:      layout_rooms
D:4:      old_forge, layout_loops_corners, lemuel_crystal_altar, serial_bayou,
          serial_bayou_pond_b, serial_bayou_shore_b, serial_bayou_lagoon_a,
          serial_bayou_pond_c, serial_shops, nicolae_shop_crystal
D:5:      layout_basic, nicolae_ru_awakened_eye, lemuel_crystal_altar,
          minmay_temple_entry_grid, basic_altar
D:6:      layout_cave_pools, portal_sewer_entry_d, serial_bayou_lagoon_b
D:7:      layout_loops_ring, gammafunk_temple_overflow_elements,
          gammafunk_ghost_stat_death, st_stairs_4, grunt_ministairs_14,
          minmay_misc_feat_doors
D:8:      hangedman_cross_stitches, layout_basic, erik_lair_island, serial_ice,
          serial_ice_c, serial_ice_f, serial_ice_h, serial_ice_a
Temple:   nicolae_temple_elliptical
Lair:1:   beast_lair_carwin_large_3, layout_hall_layers, special_room
          [special_room_bee], infiniplex_staircase_pool
Lair:2:   layout_regular_city, minmay_shoals_entry_centaurs,
          infiniplex_staircase_pool_2
Lair:3:   layout_cave_shapes, minmay_snake_entry_guardpost_small,
          beast_lair_carwin_1, serial_bayou_shore_a, grunt_megastairs_5
Lair:4:   lemuel_reptile_caves, layout_cave_shapes,
          nicolae_quartered_pool_medium, nicolae_lair_grove_arrangements,
          roderic_carrion_pond
Lair:5:   layout_regular_city, slime_altar_2

Notes
Turn   | Place    | Note
-------+----------+-------------------------------------------
     0 | D:1      | Dracia the Troll Monk began the quest for the Orb.
     0 | D:1      | Reached XP level 1. HP: 22/22 MP: 0/0
   158 | D:1      | Reached XP level 2. HP: 22/29 MP: 1/1
   775 | D:2      | Reached XP level 3. HP: 35/36 MP: 2/2
  1586 | D:3      | Reached skill level 4 in Unarmed Combat
  1645 | D:3      | Reached XP level 4. HP: 44/44 MP: 3/3
  1678 | D:3      | Reached skill level 3 in Fighting
  1678 | D:3      | Reached skill level 3 in Dodging
  1709 | D:3      | Reached XP level 5. HP: 53/53 MP: 4/4
  2018 | D:3      | Gained mutation: You tend to lose your temper in combat.
                  | [potion of mutation]
  2018 | D:3      | Gained mutation: You are dopey. (Int -2) [potion of
                  | mutation]
  2018 | D:3      | Gained mutation: You passively map a small area around you.
                  | [potion of mutation]
  2018 | D:3      | Gained mutation: You are robust. (+10% HP) [potion of
                  | mutation]
  2193 | D:4      | Found a broken altar of Ashenzari.
  2292 | D:4      | Reached skill level 5 in Unarmed Combat
  2429 | D:4      | Reached XP level 6. HP: 67/67 MP: 5/5
  2800 | D:4      | Reached skill level 6 in Unarmed Combat
  2801 | D:4      | Reached XP level 7. HP: 71/74 MP: 6/6
  2803 | D:4      | Reached skill level 4 in Fighting
  2803 | D:4      | Reached skill level 4 in Dodging
  2828 | D:4      | Found Ydwitse's Antique Weapon Emporium.
  3298 | D:5      | Entered Level 5 of the Dungeon
  3298 | D:5      | Found a staircase to the Ecumenical Temple.
  3384 | Temple   | Entered the Ecumenical Temple
  3553 | D:5      | Reached skill level 7 in Unarmed Combat
  3669 | D:5      | Found a stormy altar of Qazlal.
  3797 | D:5      | Found a sacrificial altar of Ru.
  4080 | D:5      | Found a shimmering altar of Xom.
  4114 | D:5      | Reached XP level 8. HP: 86/86 MP: 7/7
  4492 | D:6      | Reached skill level 5 in Fighting
  4492 | D:6      | Reached skill level 5 in Dodging
  4492 | D:6      | Reached skill level 8 in Unarmed Combat
  4501 | D:6      | Found a glowing drain.
  4515 | Sewer    | Entered a sewer
  5114 | D:6      | Reached XP level 9. HP: 69/96 MP: 8/8
  5189 | D:6      | Reached skill level 9 in Unarmed Combat
  5794 | D:7      | Found a shadowy altar of Dithmenos.
  5794 | D:7      | Found an ornate altar of the Wu Jian Council.
  5904 | D:7      | Reached skill level 6 in Fighting
  5904 | D:7      | Reached skill level 6 in Dodging
  6050 | D:7      | Reached skill level 10 in Unarmed Combat
  6234 | D:7      | Found a transporter.
  6265 | D:7      | Found a transporter.
  6265 | D:7      | Noticed harkrass's ghost (novice MiFi)
  6357 | D:7      | Killed harkrass's ghost
  6358 | D:7      | Reached XP level 10. HP: 110/110 MP: 9/9
  6377 | D:7      | Got the ring of Kotwiuf Raty {Dex+6}
  6378 | D:7      | Identified the ring of Kotwiuf Raty {Will+ Int+4 Dex+6}
                  | (You found it on level 7 of the Dungeon)
  6750 | D:8      | Reached skill level 11 in Unarmed Combat
  6835 | D:8      | Reached skill level 1 in Shields
  6917 | D:8      | Reached skill level 2 in Shields
  6919 | D:8      | Reached skill level 3 in Shields
  7008 | D:8      | Found a staircase to the Lair.
  7072 | D:8      | Noticed a two-headed ogre
  7098 | D:8      | Killed a two-headed ogre
  7099 | D:8      | Reached skill level 4 in Shields
  7201 | D:8      | Reached skill level 5 in Shields
  7542 | Lair:1   | Entered Level 1 of the Lair of Beasts
  7542 | Lair:1   | Noticed a cane toad
  7557 | Lair:1   | Killed a cane toad
  7756 | Lair:1   | Noticed a cane toad
  7771 | D:8      | Reached skill level 6 in Shields
  7781 | D:8      | Reached XP level 11. HP: 109/117 MP: 10/10
  7888 | Lair:1   | Reached skill level 7 in Shields
  8292 | Lair:1   | Reached skill level 8 in Shields
  8549 | Lair:4   | Reached skill level 9 in Shields
  8556 | Lair:4   | Reached skill level 7 in Fighting
  8556 | Lair:4   | Reached skill level 7 in Dodging
  8971 | Lair:4   | Noticed an eight-headed hydra
  9061 | Lair:4   | Reached skill level 1 in Evocations
  9074 | Lair:4   | Reached skill level 2 in Evocations
  9332 | Lair:4   | Reached skill level 3 in Evocations
  9341 | Lair:4   | Reached XP level 12. HP: 62/129 MP: 11/11
  9558 | Lair:5   | Noticed a death yak
  9559 | Lair:5   | Noticed a death yak
  9560 | Lair:5   | Noticed a death yak
  9560 | Lair:5   | Noticed a death yak
  9560 | Lair:5   | Noticed a death yak
  9568 | Lair:5   | Noticed a death yak
  9575 | Lair:4   | Killed a death yak
  9576 | Lair:4   | Reached skill level 4 in Evocations
  9596 | Lair:4   | Killed a death yak
  9613 | Lair:4   | Killed a death yak
  9614 | Lair:4   | Reached skill level 5 in Evocations
  9863 | Lair:4   | Killed a death yak
  9871 | Lair:4   | Killed a death yak
  9872 | Lair:4   | Reached skill level 6 in Evocations
  9876 | Lair:4   | Killed a death yak
 10223 | Lair:5   | Slain by a komodo dragon

Vanquished Creatures
  A two-headed ogre (D:8)
  6 death yaks (Lair:4)
  The ghost of harkrass the Cudgeller, a novice MiFi (D:7)
  A centaur zombie (D:8)
  3 black mambas
  7 cane toads
  4 rime drakes
  2 komodo dragons (Lair:1)
  A queen bee (Lair:1)
  A dream sheep (Lair:5)
  4 blink frogs (Lair:4)
  16 yaks
  4 wyverns
  3 water moccasins
  3 sky beasts
  4 ice beasts
  5 orc warriors
  A black bear (D:8)
  6 necrophages (Lair:4)
  4 ogres
  12 wolves
  An eye of draining (D:8)
  6 centaurs
  5 big kobolds
  12 bullfrogs
  8 scorpions
  7 killer bees (Lair:1)
  9 wights (D:7)
  6 electric eels
  5 quasits (D:7)
  2 jellies
  10 hounds
  9 orc priests
  7 orc wizards
  A centaur skeleton (D:5)
  3 iguanas (Lair:1)
  7 worker ants
  A hound zombie (D:7)
  A worker ant zombie (D:8)
  3 gnolls (D:7)
  9 adders
  A shadow imp (D:5)
  6 white imps
  2 ufetubi (D:5)
  3 oozes (Sewer)
  2 adder zombies
  An adder skeleton (D:7)
  7 worms
  A dart slug (D:5)
  2 leopard geckos
  22 orcs
  A giant cockroach (D:1)
  6 goblins
  6 hobgoblins
  12 jackals
  4 quokkas
  4 ball pythons (Sewer)
  14 bats
  10 frilled lizards
  A giant cockroach zombie (D:5)
  20 kobolds
  A leopard gecko skeleton (D:4)
  A quokka skeleton (D:5)
  9 rats
337 creatures vanquished.

Vanquished Creatures (others)
  An orc (D:6)
  12 fungi
  15 plants
28 creatures vanquished.

Grand Total: 365 creatures vanquished

Table legend: (Time is in decaauts)
 A = Elapsed time spent in this place.
 B = Non-inter-level travel time spent in this place.
 C = Inter-level travel time spent in this place.
 D = Time resting spent in this place.
 E = Time spent auto-exploring this place.
 F = Levels seen in this place.
 G = Mean time per level.
                   A        B        C        D        E       F      G
               +--------+--------+--------+--------+--------+-----+--------+
         Total |  10206 |   9886 |    320 |   2158 |   5359 |  15 |  680.4 |
       Dungeon |   7121 |   6832 |    289 |    689 |   4572 |   8 |  890.1 |
        Temple |    142 |    115 |     27 |      0 |    114 |   1 |  142.0 |
          Lair |   2597 |   2593 |      4 |   1467 |    451 |   5 |  519.4 |
         Sewer |    344 |    344 |      0 |      2 |    221 |   1 |  344.0 |
               +--------+--------+--------+--------+--------+-----+--------+

Top non-repeatable levels by time:
  Lair:4: 1521 daAuts
     D:4: 1242 daAuts
     D:7: 1083 daAuts
     D:8: 998 daAuts
     D:6: 952 daAuts
     D:2: 931 daAuts
     D:5: 797 daAuts
  Lair:1: 709 daAuts
     D:1: 641 daAuts
     D:3: 473 daAuts
   Sewer: 344 daAuts
  Lair:5: 214 daAuts
  Temple: 142 daAuts
  Lair:2: 107 daAuts
  Lair:3: 45 daAuts

Table legend:
 A = Non-vault XP
 B = Vault XP
 C = Vault XP percentage of total XP
 D = Non-vault monster count
 E = Vault monster count
 F = Vault count percentage of total count
                 A         B        C        D         E       F
            +---------+---------+-------+---------+---------+-------
      Total |   24610 |    5856 |  19.2 |     243 |      94 |  27.9
            +---------+---------+-------+---------+---------+-------
        D:1 |      19 |       0 |   0.0 |      14 |       0 |   0.0
        D:2 |      59 |       0 |   0.0 |      22 |       0 |   0.0
        D:3 |     177 |       0 |   0.0 |      19 |       0 |   0.0
        D:4 |     538 |     307 |  36.3 |      22 |      13 |  37.1
        D:5 |     368 |       0 |   0.0 |      15 |       0 |   0.0
        D:6 |    1169 |      13 |   1.1 |      24 |       1 |   4.0
        D:7 |    1578 |    1199 |  43.2 |      34 |      14 |  29.2
        D:8 |    3736 |    1573 |  29.6 |      37 |      21 |  36.2
     Lair:1 |    2835 |    1196 |  29.7 |      10 |      12 |  54.5
     Lair:2 |     800 |       0 |   0.0 |       2 |       0 |   0.0
     Lair:3 |       0 |     387 | 100.0 |       0 |       3 | 100.0
     Lair:4 |   11320 |     746 |   6.2 |      36 |       6 |  14.3
     Lair:5 |    2011 |       0 |   0.0 |       8 |       0 |   0.0
      Sewer |       0 |     435 | 100.0 |       0 |      24 | 100.0
            +---------+---------+-------+---------+---------+-------
